 Dungeon Crawl Stone Soup version 0.31-a0-233-g139696dc86 (webtiles) character file.

Game seed: 14516580618210408153

547 qw the Shooter (level 7, -1/59 HPs)
             Began as a Minotaur Hexslinger on July 8, 2023.
             Slain by a sleepcap (5 damage)
             ... on level 5 of the Dungeon.
             The game lasted 00:01:11 (3753 turns).

qw the Shooter (Minotaur Hexslinger)                Turns: 3753, Time: 00:01:11

Health: -1/59      AC:  6    Str: 19    XL:     7   Next: 7%
Magic:  7/7        EV: 11    Int: 10    God:
Gold:   258        SH:  0    Dex: 14    Spells: 7/8 levels left

rFire   . . .        Y - +1 sling
rCold   . . .        (no shield)
rNeg    . . .        n - +0 ring mail
rPois   .            (helmet restricted)
rElec   .            (no cloak)
rCorr   .            b - +0 pair of gloves
SInv    .            (no boots)
Will    .....        f - amulet of the acrobat
Stlth   +            c - +6 ring of strength
HPRegen 0.29/turn    (no ring)
MPRegen 0.10/turn

%: acrobat
@: no status effects
A: horns 2, retaliatory headbutt
a: no special abilities


You were on level 5 of the Dungeon.
You visited 1 branch of the dungeon, and saw 6 of its levels.

You collected 258 gold pieces.


Innate Abilities, Weirdness & Mutations

You have a pair of horns on your head.
You reflexively headbutt those who attack you in melee.


   Skills:
 - Level 4.2 Fighting
 + Level 7.5 Ranged Weapons
 - Level 1.0 Armour
 - Level 2.1 Dodging
 - Level 1.0 Spellcasting
 - Level 2.0 Hexes


You had 7 spell levels left.
You knew the following spells:

 Your Spells              Type           Power      Damage    Failure   Level
a - Slow                  Hex            16%        N/A       26%         1

Your spell library contained the following spells:

 Spells                   Type           Power      Damage    Failure   Level
 Inner Flame              Hex/Fire       2%         N/A       75%         3
 Portal Projectile        Hex/Tloc       4%         N/A       75%         3
 Cause Fear               Hex            2%         N/A       95%         4

Inventory:

Hand Weapons
 Y - a +1 sling (weapon)
Armour
 b - a +0 pair of gloves (worn)
 n - a +0 ring mail (worn)
Jewellery
 c - a +6 ring of strength (left hand)
 f - an amulet of the acrobat (around neck)
Scrolls
 g - a scroll of identify
Potions
 a - a potion of cancellation {unknown}
 e - a potion of curing
 h - a potion of invisibility {unknown}
 l - a potion of mutation {unknown}
 m - a potion of enlightenment {unknown}

Dungeon Overview and Level Annotations

Branches:
Dungeon (6/15)             Temple (0/1) D:6

Altars:


Message History

3731 ||| PLANNING TEMPLE;
3731 ||| STAIRDANCE The bullfrog misses you.
You climb upwards.
The orc shouts!
Found 2 atropa-tipped darts, 5 stones and 9 gold pieces.
Found two stone staircases leading up.
There is a stone staircase leading down here.
Waypoint 5 assigned to D:5.
You shoot a sling bullet.
The sling bullet closely misses the orc.
You shoot a sling bullet.
The sling bullet closely misses the orc.
You shoot a sling bullet. The sling bullet hits the orc.
The orc is heavily wounded.
The orc hits you with a +0 whip.
You shoot a sling bullet. The sling bullet hits the orc.
You kill the orc!
You start resting.
HP restored.
(D) Dungeon (T) Temple
Where to? (* - list waypoints, Enter - D:5, ? - help)
You climb downwards.
The bullfrog hits you.
The ogre hits you with a +0 giant spiked club!!
The bullfrog hits you.
There is a stone staircase leading up, spattered with blood here.
3750 ||| STAIRDANCE The bullfrog closely misses you.
The ogre closely misses you. You furiously retaliate!
You headbutt the ogre! The sleepcap closely misses you.
You furiously retaliate!
You headbutt the sleepcap! The bullfrog hits you.
You climb upwards.
There is a stone staircase leading down here.
You shoot a sling bullet.
The sling bullet hits the sleepcap but does no damage.
The sleepcap is heavily damaged.
The bullfrog misses you. You furiously retaliate!
You headbutt the bullfrog! The sleepcap closely misses you.
The ogre hits you with a +0 giant spiked club!!
You shoot a sling bullet.
The sling bullet completely misses the sleepcap.
The bullfrog hits you. The sleepcap releases spores at you.
You die...

.# .###
#...##
#.....#
##......#
##(.......
###.........
#...@O......
#...fF.......
#.......(....
#............
#<.....<.....
#....$.......
#............
#............


You could see an ogre, a sleepcap and a bullfrog.

Vanquished Creatures
  Grinder (D:3)
  A phantom (D:6)
  A bullfrog (D:6)
  A hound (D:4)
  2 iguanas (D:6)
  4 adders
  2 worms
  2 dart slugs
  4 orcs
  5 ball pythons
  4 bats
  3 endoplasms
  3 giant cockroaches
  7 goblins
  10 hobgoblins
  8 jackals
  8 kobolds
  A quokka (D:1)
  3 frilled lizards (D:1)
  2 rats (D:2)
72 creatures vanquished.

Notes
Turn   | Place    | Note
-------+----------+-------------------------------------------
     0 | D:1      | qw the Minotaur Hexslinger began the quest for the Orb.
     0 | D:1      | Reached XP level 1. HP: 16/16 MP: 1/1
     0 | D:1      | 0 ||| qw: Version: 0.3-a-46-gb1f654a
     0 | D:1      | 0 ||| qw: Game counter: 3651
     0 | D:1      | 0 ||| qw: Melee chars always use a shield: true
     0 | D:1      | 0 ||| qw: God list: Okawaru
     0 | D:1      | 0 ||| qw: Allow faded altars: false
     0 | D:1      | 0 ||| qw: Do Orc after clearing Dungeon:15 true
     0 | D:1      | 0 ||| qw: Do second Lair branch before Depths: true
     0 | D:1      | 0 ||| qw: Lair rune preference: random
     0 | D:1      | 0 ||| qw: Goals: Normal
     0 | D:1      | 0 ||| PLANNING D:1-11
    83 | D:1      | Reached skill level 3 in Ranged Weapons
    84 | D:1      | Reached XP level 2. HP: 23/23 MP: 2/2
   821 | D:1      | 821 ||| UPGRADING to +0 leather armour.
   831 | D:1      | 831 ||| DROPPING +0 robe.
   832 | D:1      | 832 ||| UPGRADING to +0 ring mail.
   842 | D:1      | 842 ||| DROPPING +0 leather armour.
   843 | D:1      | 843 ||| UPGRADING to amulet of the acrobat.
   848 | D:1      | 848 ||| READING scroll labelled GICOTY JESEKONEEV.
   849 | D:1      | 849 ||| READING scroll labelled LIUHEM ENAL.
   850 | D:1      | 850 ||| READING scroll labelled CEIMI QERY TODO.
   851 | D:1      | 851 ||| READING scroll labelled JONIMI RYIVYXT.
   852 | D:1      | 852 ||| DROPPING scroll of poison.
   930 | D:2      | Reached XP level 3. HP: 29/29 MP: 3/3
  1207 | D:2      | Reached skill level 4 in Ranged Weapons
  1402 | D:2      | Reached skill level 1 in Armour
  1865 | D:2      | 1865 ||| DROPPING ring of flight.
  1866 | D:2      | 1866 ||| READING scroll labelled BEDYUPL FAYS.
  1867 | D:2      | 1867 ||| DRINKING 2 cyan potions.
  1868 | D:2      | 1868 ||| DRINKING 2 yellow potions.
  1869 | D:2      | 1869 ||| DROPPING potion of degeneration.
  2000 | D:3      | Reached XP level 4. HP: 35/36 MP: 4/4
  2103 | D:3      | Found a faded altar of an unknown god.
  2146 | D:3      | Noticed Grinder
  2147 | D:3      | Paralysed by Grinder for 5 turns
  2164 | D:3      | HP: 9/36 [Grinder (2)]
  2168 | D:3      | Paralysed by Grinder for 4 turns
  2174 | D:3      | HP: 8/36 [Grinder/nerve-wracking pain (4)]
  2175 | D:3      | Killed Grinder
  2176 | D:3      | Reached skill level 6 in Ranged Weapons
  2176 | D:3      | Reached XP level 5. HP: 10/41 MP: 5/5
  2176 | D:3      | Reached XP level 6. HP: 12/48 MP: 6/6
  3004 | D:3      | 3004 ||| UPGRADING to +0 pair of gloves.
  3009 | D:3      | 3009 ||| DRINKING 2 sapphire potions.
  3010 | D:3      | 3010 ||| DROPPING potion of attraction.
  3079 | D:4      | Reached skill level 3 in Fighting
  3490 | D:4      | You fall into a shaft and drop 2 floors!
  3526 | D:6      | Reached skill level 7 in Ranged Weapons
  3547 | D:6      | HP: 13/52 [iguana (7)]
  3553 | D:6      | Reached XP level 7. HP: 17/59 MP: 7/7
  3556 | D:6      | HP: 14/59 [iguana (4)]
  3722 | D:6      | 3722 ||| DROPPING scarf of invisibility.
  3723 | D:6      | 3723 ||| UPGRADING to +6 ring of strength.
  3728 | D:6      | 3728 ||| FLEEEEING.
  3729 | D:6      | 3729 ||| FLEEEEING.
  3730 | D:6      | 3730 ||| FLEEEEING.
  3730 | D:6      | Found a staircase to the Ecumenical Temple.
  3731 | D:6      | 3731 ||| PLANNING TEMPLE
  3731 | D:6      | 3731 ||| STAIRDANCE
  3732 | D:5      | Entered Level 5 of the Dungeon
  3750 | D:6      | 3750 ||| STAIRDANCE
  3752 | D:5      | HP: 8/59 [ogre/+0 giant spiked club (20)]
  3753 | D:5      | Slain by a sleepcap

Levels and vault maps discovered:
D:1:      dpeg_arrival_pond, layout_loops_ring, minivault_5,
          minmay_misc_feat_plants, minmay_heptomino_l4
D:2:      layout_loops_corners, serial_forest, infiniplex_forest_pool,
          infiniplex_forest_lined_room_2, infiniplex_forest_lined_corner,
          infiniplex_forest_straight_1, infiniplex_forest_zigzag_2,
          infiniplex_forest_clump_curved, infiniplex_forest_lined_3_way,
          infiniplex_forest_pool, infiniplex_forest_end_double
D:3:      corexii_shack_village, layout_basic,
          shapermc_ecumenical_altar_starsandcircs, hex_tiny,
          kennysheep_another_room, dreamdust_wishing_well, st_stairs_11,
          nicolae_figureground_pulse, uniq_grinder
D:4:      layout_loops_corners, minmay_cupped
D:5:      layout_cave_pods, mainiacjoe_overflow_alcove_1, serial_shops,
          nicolae_shop_crystal, serial_park, serial_park_square2,
          serial_park_square2, serial_park_square3
          [serial_park_minivault_5x5_5], minmay_misc_feat_roman,
          minmay_strange_pillars
D:6:      layout_cave_pools, xom_teletrap_fun, minmay_temple_entry_butterflies,
          uniq_menkaure

Skill      XL: |  1  2  3  4  5  6 |
---------------+-------------------+-----
Ranged Weapons | 3 4 6 7 |  7.5
Fighting       | 2 4 |  4.2
Armour         | 1 |  1.0
Dodging        | |  2.1
Spellcasting   | |  1.0
Hexes          | |  2.0

Action                     |  1- 3 |  4- 6 |  7- 9 || total
---------------------------+-------+-------+-------++-------
   Fire: Sling             |   123 |   139 |    11 ||   273
    Use: Scroll            |     5 |       |       ||     5
         Potion            |     2 |     1 |       ||     3
 Armour: Robe              |     9 |       |       ||     9
         Ring mail         |    14 |    31 |       ||    45
  Dodge: Dodged            |    43 |    59 |     6 ||   108

Table legend:
 A = Non-vault XP
 B = Vault XP
 C = Vault XP percentage of total XP
 D = Non-vault monster count
 E = Vault monster count
 F = Vault count percentage of total count
                 A         B        C        D         E       F
            +---------+---------+-------+---------+---------+-------
      Total |     469 |     313 |  40.0 |      58 |      14 |  19.4
            +---------+---------+-------+---------+---------+-------
        D:1 |      32 |       8 |  20.0 |      18 |       4 |  18.2
        D:2 |      50 |       0 |   0.0 |      15 |       0 |   0.0
        D:3 |      32 |     305 |  90.5 |      15 |      10 |  40.0
        D:4 |      61 |       0 |   0.0 |       4 |       0 |   0.0
        D:5 |       3 |       0 |   0.0 |       1 |       0 |   0.0
        D:6 |     291 |       0 |   0.0 |       5 |       0 |   0.0
            +---------+---------+-------+---------+---------+-------
